 Dungeon Crawl Stone Soup version 0.20-a0-464-g526fb3c (webtiles) character file.

189 esc the Grave Robber (level 5, 0/45 HPs)
             Began as a Hill Orc Necromancer on Jan 11, 2017.
             Killed from afar by a rat (9 damage)
             ... with an exploding inner flame
             ... hexed by the player character
             ... on level 3 of the Dungeon.
             The game lasted 00:13:25 (3042 turns).

esc the Grave Robber (Hill Orc Necromancer)         Turns: 3042, Time: 00:13:26

Health: 0/45       AC:  4    Str: 11    XL:     5   Next: 68%
Magic:  1/8        EV: 12    Int: 16    God:
Gold:   141        SH:  0    Dex: 11    Spells: 4/9 levels left

rFire  + . .     SeeInvis .     r - +0 war axe
rCold  x . .     Gourm    .     a - +0 robe
rNeg   . . .     Faith    .     (no shield)
rPois  .         Spirit   .     (no helmet)
rElec  .         Reflect  .     (no cloak)
rCorr  .         Harm     .     f - +0 pair of gloves
MR     .....                    p - +0 pair of boots
Stlth  ++........               (no amulet)
                                (no ring)
                                e - ring of fire {rF+, rC-}

@: no status effects
A: no striking features
a: no special abilities


You were on level 3 of the Dungeon.
You were not hungry.

You visited 1 branch of the dungeon, and saw 3 of its levels.

You collected 141 gold pieces.

Inventory:

Hand Weapons
 r - a +0 war axe (weapon)
   (You took it off an orc on level 3 of the Dungeon)
Armour
 a - a +0 robe (worn)
 f - a +0 pair of gloves (worn)
   (You found it on level 1 of the Dungeon)
 p - a +0 pair of boots (worn)
   (You found it on level 2 of the Dungeon)
Jewellery
 e - a ring of fire (left hand) {rF+, rC-}
   (You found it on level 1 of the Dungeon)
Scrolls
 d - 6 scrolls of identify {unknown}
 h - a scroll of amnesia {unknown}
 i - 2 scrolls of immolation {!r}
 k - a scroll of noise {unknown}
 o - 2 scrolls of teleportation {unknown}
 q - a scroll of enchant armour {unknown}
Potions
 g - a potion of flight {unknown}
 j - a potion of curing {unknown}
Books
 b - a book of Necromancy
Comestibles
 c - 3 bread rations {@e1}
 l - 3 chunks of flesh {@w0}
 m - 3 meat rations {@e2}
 n - 3 fruits


   Skills:
 + Level 3.5 Fighting
 + Level 1.1 Axes
 + Level 1.9 Dodging
 - Level 1.5 Stealth
 + Level 2.6 Spellcasting
 + Level 4.8 Necromancy


You had 4 spell levels left.
You knew the following spells:

 Your Spells              Type           Power        Failure   Level  Hunger
a - Pain                  Necr           ###.         3%          1    #......
s - Animate Skeleton      Necr           N/A          3%          1    #......
x - Vampiric Draining     Necr           ###.......   12%         3    ###....


Dungeon Overview and Level Annotations

Branches:
Dungeon (3/15)

Altars:
Gozag
Sif Muna
Uskayaw

Shops:
D:3 *


Message History

No target in view!
No target in view!
Things that are here:
a dagger; a goblin corpse You attempt to give life to the dead...
Before your eyes, flesh is ripped from the corpse!
The dead are walking!
l - 3 chunks of flesh {@w0} You now have 6/7 mp.
You swap places.
You swap places.
An orc and an orc wizard come into view.
The orc wizard is wielding a dagger of draining.
The orc shouts!
You hear a shout! x4; The orc wizard shouts!
You hear a shout! x2
Found a stone staircase leading down.
An orc comes into view. It is wielding a hand axe.
Health restored: 37; MP restored: 7 A gnoll comes into view.
It is wielding a spear.
The gnoll shouts!
The orc barely misses you.
The orc wizard points at you and mumbles some strange words.
The puff of frost hits you!
A rat comes into view.
You take 7 damage, and have 30/37 hp.
You hit the orc. The orc hits you.
A gnoll and an orc come into view.
You take 2 damage, and have 28/37 hp.
Okay, then.
Okay, then.
Okay, then.
Aim: an orc, wielding a hand axe and wearing a chain mail You feel life coursing into your body.
A gnoll comes into view. It is wielding a whip.
You now have 4/7 mp.
Aim: an orc, wielding a hand axe and wearing a chain mail (heavily wounded)
You kill the orc!
You feel life coursing into your body.
The orc wizard points at you and mumbles some strange words.
The magic dart hits your goblin skeleton.
The orc hits you.
The rat twitches its whiskers.
A gnoll and an orc come into view.
The gnoll is wielding a vampiric halberd.
You regained 2 hp, and now have 31/37 hp.
You now have 1/7 mp.
You barely miss the orc. You closely miss the orc.
The orc wizard barely misses your goblin skeleton.
The orc hits you with a mace. The orc hits you.
Your goblin skeleton hits the orc wizard but does no damage.
The orc wizard looks satisfied for a moment.
You take 7 damage, and have 24/37 hp.
You don't have enough magic to cast that spell.
You slash the orc!
You kill the orc!
You have reached level 5!
You feel stronger.
You hit the orc. The orc barely misses you.
The orc wizard hits your goblin skeleton with a dagger of draining.
Your kobold skeleton closely misses the orc.
Your goblin skeleton closely misses the orc wizard.
The rat closely misses you. The orc hits you but does no damage.
A dart slug comes into view.
You regained 5 hp, and now have 29/44 hp.
As you read the scroll labeled GASMEB PIAJAU, it crumbles to dust.
The creatures around you are filled with an inner flame!
It was a scroll of immolation.
The orc wizard hits your goblin skeleton with a dagger of draining.
The gnoll hits you but does no damage.
Your kobold skeleton barely misses the orc.
Your goblin skeleton hits the orc wizard with a dagger.
The rat bites you but does no damage. The orc hits your kobold skeleton.
Put on which piece of jewellery? (? for menu, Esc to quit)
You feel more attuned to fire.
e - a ring of fire (left hand) {rF+, rC-} The orc wizard hits your goblin skeleton with a dagger of draining.
The fiery explosion engulfs your kobold skeleton.
The fiery explosion engulfs the rat.
The rat explodes!
The fiery explosion engulfs the worm.
The worm explodes!
The fiery explosion engulfs the orc.
The orc explodes!
The fiery explosion engulfs the gnoll.
The gnoll explodes!
The fiery explosion engulfs the gnoll.
The gnoll explodes!
The fiery explosion engulfs the gnoll.
The gnoll explodes!
The fiery explosion engulfs the gnoll.
The gnoll explodes!
The fiery explosion engulfs the orc.
The orc explodes!
The fiery explosion engulfs you! You resist.
* * * LOW HITPOINT WARNING * * *
The fiery explosion engulfs the orc wizard.
The orc wizard explodes!
Your Fighting skill increases to level 3!
Your Axes skill increases to level 1!
The fiery explosion engulfs you! You resist.
You die...

#.....#######......#
#.....# ..##..#####
#.#...# .........<.
#.#.#.# ......#####
#.#.#.# .###.. #
#.#.#.# .# .. #
#.#.#.######.%. ###
#.#.#..§§§.%..# #..
#...###@§##..# #.#
#.### #§§§§§.# #.#
#.. §§§§§§%# #.#
#§§§###%.# #.# #§§§§
#. #.# #..###
######.. %.w.
....[... ##..
....##.. .##.....


You could see a dart slug (inner flame).

Vanquished Creatures
  An orc wizard (D:3)
  4 gnolls (D:3)
  3 adders (D:2)
  A worm (D:3)
  3 dart slugs
  3 leopard geckos (D:1)
  5 orcs (D:3)
  A ball python (D:1)
  9 goblins
  10 hobgoblins
  2 jackals (D:2)
  6 kobolds
  2 quokkas (D:2)
  8 bats
  5 frilled lizards
  5 rats
68 creatures vanquished.

Vanquished Creatures (collateral kills)
  An adder (D:2)
  A worm (D:2)
  A goblin (D:2)
  A hobgoblin (D:2)
  2 rats
6 creatures vanquished.

Grand Total: 74 creatures vanquished

Notes
Turn   | Place    | Note
-------+----------+-------------------------------------------
     0 | D:1      | esc the Hill Orc Necromancer began the quest for the Orb.
     0 | D:1      | Reached XP level 1. HP: 14/14 MP: 3/3
   340 | D:1      | Reached XP level 2. HP: 19/22 MP: 0/4
   611 | D:1      | Reached skill level 1 in Fighting
   841 | D:1      | Learned a level 1 spell: Animate Skeleton
   950 | D:1      | Reached skill level 2 in Spellcasting
   950 | D:1      | Reached XP level 3. HP: 25/28 MP: 1/6
  1697 | D:2      | Reached skill level 2 in Fighting
  1754 | D:2      | Reached XP level 4. HP: 27/36 MP: 5/7
  2234 | D:2      | Learned a level 3 spell: Vampiric Draining
  2779 | D:3      | Found an opulent altar of Gozag.
  2781 | D:3      | Found Gozag's Platinum Reserve.
  2957 | D:3      | Found a deep blue altar of Sif Muna.
  2958 | D:3      | Found a hide-covered altar of Uskayaw.
  3040 | D:3      | Reached XP level 5. HP: 28/44 MP: 1/8
  3042 | D:3      | HP: 9/44 [orc/exploding inner flame[the player character] (20)]
  3042 | D:3      | Reached skill level 3 in Fighting
  3042 | D:3      | Reached skill level 1 in Axes
  3042 | D:3      | Killed from afar by a rat

Vault maps used:
D:1:      lightli_arrival_boilingwater, serial_bayou_pond_d,
          minmay_misc_feat_doors, minmay_tall_x
D:2:      first_bread, minmay_misc_feat_alley
D:3:      nicolae_gozag_zags_fifth_avenue, minitemple, minmay_hedge_maze

Skill      XL: |  1  2  3  4  5 |
---------------+----------------+-----
Fighting       | 1 2 3 |  3.5
Spellcasting   | 2 |  2.6
Axes           | 1 |  1.1
Dodging        | |  1.9
Stealth        | |  1.5
Necromancy     | |  4.8

Action                   |  1- 3 |  4- 6 || total
-------------------------+-------+-------++-------
Melee: Unarmed           |     4 |       ||     4
       Dagger            |    67 |   100 ||   167
       War axe           |       |    17 ||    17
 Cast: Pain              |    41 |    25 ||    66
       Animate Skeleton  |     7 |     8 ||    15
       Vampiric Draining |       |     3 ||     3
  Use: Potion            |     1 |       ||     1
       Scroll            |       |     1 ||     1
 Stab: Distracted        |     1 |       ||     1
       Sleeping          |       |     2 ||     2
  Eat: Chunk             |     4 |     5 ||     9
Armor: Robe              |    31 |    54 ||    85
Dodge: Dodged            |    79 |    86 ||   165

Vault maps used:
D:1:      lightli_arrival_boilingwater, serial_bayou_pond_d,
          minmay_misc_feat_doors, minmay_tall_x
D:2:      first_bread, minmay_misc_feat_alley
D:3:      nicolae_gozag_zags_fifth_avenue, minitemple, minmay_hedge_maze

Table legend:
 A = Turns spent in this place as a percentage of turns spent in the entire game.
 B = Non-inter-level travel turns spent in this place as a percentage of non-inter-level travel turns spent in the entire game.
 C = Inter-level travel turns spent in this place as a percentage of turns spent in this place.
 D = Turns resting spent in this place as a percentage of non-inter-level travel turns spent in this place.
 E = Turns spent auto-exploring this place as a percentage of non-inter-level travel turns spent in this place.
 F = Non-inter-level travel turns spent in this place divided by the number of levels of this place that you've seen.
                   A       B       C       D       E      F
               +-------+-------+-------+-------+-------+----------------------
         Total | 100.0 | 100.0 |   0.8 |   5.4 |   7.9 | 277.3
       Dungeon | 100.0 | 100.0 |   0.8 |   5.4 |   7.9 | 277.3
               +-------+-------+-------+-------+-------+----------------------

Table legend:
 A = Kills in this place as a percentage of kills in entire the game.
 B = Kills by you in this place as a percentage of kills by you in the entire game.
 C = Kills by friends in this place as a percentage of kills by friends in the entire game.
 D = Other kills in this place as a percentage of other kills in the entire game.
 E = Experience gained in this place as a percentage of experience gained in the entire game.
 F = Experience gained in this place divided by the number of levels of this place that you have seen.
                   A       B       C       D       E      F
               +-------+-------+-------+-------+-------+----------------------
         Total | 100.0 | 100.0 | 100.0 |  -nan | 100.0 |  90.0
       Dungeon | 100.0 | 100.0 | 100.0 |  -nan | 100.0 |  90.0
               +-------+-------+-------+-------+-------+----------------------
